 Dungeon Crawl Stone Soup version 0.28.0-49-g6dfe1f597d (webtiles) character file.

Game seed: 2210260394864778979

9959 boopmooplesden the Carver (level 11, -30/97 HPs)
             Began as a Minotaur Berserker on May 14, 2022.
             Was an Elder of Trog.
             Annihilated by a white ugly thing (61 damage)
             ... on level 9 of the Dungeon.
             The game lasted 00:13:23 (9795 turns).

boopmooplesden the Carver (Minotaur Berserker)      Turns: 9795, Time: 00:13:24

Health: -30/97     AC: 19    Str: 23    XL:     11   Next: 29%
Magic:  19/19      EV:  6    Int:  6    God:    Trog [****..]
Gold:   435        SH: 17    Dex: 15    Spells: 10/10 levels left

rFire   + . .      SeeInvis .   G - +5 scimitar (protect)
rCold   x . .      Faith    .   g - +0 tower shield
rNeg    . . .      Spirit   .   B - +0 plate armour
rPois   .          Reflect  .   H - +1 hat
rElec   .          Harm     +   v - scarf {harm}
rCorr   .          Rampage  .   d - +0 pair of gloves
Will    .....                   f - +1 pair of boots
Stlth   ..........              (no amulet)
HPRegen 0.26/turn               j - ring of fire
MPRegen 0.16/turn               p - ring of Ru's Reproof {MP+9 Dex+4}

@: on berserk cooldown, slowed, very slow
A: horns 2, retaliatory headbutt
a: Renounce Religion, Berserk, Trog's Hand, Brothers in Arms


You were on level 9 of the Dungeon.
You worshipped Trog.
Trog was greatly pleased with you.
You visited 1 branch of the dungeon, and saw 9 of its levels.

You collected 435 gold pieces.

Inventory:

Hand Weapons
 a - a +0 falchion of flaming
 G - a +5 scimitar of protection (weapon)
Missiles
 s - 13 javelins (quivered)
 x - a throwing net
 z - 7 boomerangs
Armour
 d - a +0 pair of gloves (worn)
 f - a +1 pair of boots (worn)
 g - a +0 tower shield (worn)
 q - a +0 chain mail
 v - a scarf of harm (worn)
 B - a +0 plate armour (worn)
 H - a +1 hat (worn)
Jewellery
 j - a ring of fire (left hand)
 o - a ring of magical power
 p - the ring of Ru's Reproof (right hand) {MP+9 Dex+4}
   (You found it on level 5 of the Dungeon)

   [ring of magical power]

   Dex:       It affects your dexterity (+4).
   MP:        It affects your magic capacity (+9).
Wands
 m - a wand of iceblast (20)
 A - a wand of digging (6)
 E - a wand of charming (10)
Scrolls
 l - 3 scrolls of teleportation
 t - 7 scrolls of identify
 w - 2 scrolls of summoning
 y - 2 scrolls of fog
 D - a scroll of fear
Potions
 b - 3 potions of magic {unknown}
 c - 3 potions of curing
 e - 2 potions of flight {unknown}
 h - 2 potions of invisibility {unknown}
 i - a potion of heal wounds
 k - 2 potions of attraction {unknown}
 n - a potion of mutation {unknown}
 r - 2 potions of berserk rage
 u - a potion of might {unknown}
 C - a potion of resistance {unknown}
 F - 2 potions of brilliance {unknown}
 I - a potion of cancellation {unknown}


   Skills:
 + Level 9.0 Fighting
 + Level 12.9 Long Blades
 + Level 9.5 Armour
 + Level 4.0 Dodging
 + Level 1.5 Stealth
 + Level 11.3 Shields


You had 10 spell levels left.
You didn't know any spells.
Your spell library was empty.

Dungeon Overview and Level Annotations

Branches:
Dungeon (9/15)             Temple (0/1) D:7            Lair (0/6) D:8
    Orc: D:9-12

Altars:
Dithmenos
Fedhas
Kikubaaqudgha
Okawaru
Sif Muna
Uskayaw
The Shining One


Innate Abilities, Weirdness & Mutations

You have a pair of horns on your head.
You reflexively headbutt those who attack you in melee.


Message History

You block the fire elemental's attack. x2
The fire elemental barely misses you. You furiously retaliate!
You headbutt the fire elemental! You slash the deep elf pyromancer!
You kill the deep elf pyromancer!
Trog accepts your kill.
Trog appreciates your killing of a magic user.
The fire elemental disappears in a puff of smoke! x3
Your Fighting skill increases to level 9!
I - a glowing orange potion You now have 435 gold pieces (gained 8).
Things that are here:
a +0 short sword; a +0 leather armour You feel a strong urge to attack something.
You are no longer berserk.
You are exhausted.
You feel yourself slow down.
There is a fountain of clear blue water here.
You start resting.
A white ugly thing is nearby!
You block the white ugly thing's attack.
You hit the white ugly thing but do no damage.
Your weapon exudes an aura of protection.
You headbutt the white ugly thing.
The white ugly thing is lightly wounded.
You block the white ugly thing's attack.
You barely miss the white ugly thing.
Your headbutt misses the white ugly thing.
The white ugly thing is lightly wounded.
The white ugly thing punches you. The white ugly thing freezes you!!!
You feel a terrible chill!
The white ugly thing punches you but does no damage.
You barely miss the white ugly thing.
You headbutt the white ugly thing, but do no damage.
The white ugly thing is lightly wounded.
The white ugly thing punches you but does no damage.
The white ugly thing punches you. The white ugly thing freezes you!!!
You feel a terrible chill!
Ouch! That really hurt!
You die...

##..##.##. #...... .
##....#.#.. # ##...... ..
##..#.##.##. ..#....<.. ..#
####..####...## ..........
...###...[## ...⌠.. #..##......
.........### ##... ##......)..
###..#.##.# #.# # ##..#.....
#.....#.# ###u### #.#.........
##).#.##.###..@..# .##.#......
#..##'#...##.....##...####.....
#)##....⌠.†.))⌠.....⌠...(##....
#..####...##.....##...####..#)#
##..#.##.###.....# #.##.#..##))
##....#.# ###.### #.#....####.
###.##(# #.# #?##.### #.
#..######...######..# ##
##..##....⌠....##..## ##


You could see a white ugly thing.

Vanquished Creatures
  Gastronok (D:8)
  A centaur warrior (D:9)
  2 two-headed ogres
  A deep elf pyromancer (D:9)
  Maurice (D:8)
  Joseph (D:7)
  A troll (D:9)
  A slime creature (D:9)
  8 yaks (D:9)
  A basilisk (D:9)
  2 steam dragons
  Edmund (D:5)
  An acid dragon (D:9)
  2 water moccasins
  Duvessa (D:7)
  2 ice beasts (D:7)
  2 sky beasts
  4 orc warriors
  2 black bears (D:7)
  2 hornet zombies
  A centaur (D:7)
  2 bullfrogs
  4 kobold brigands
  A gnoll sergeant (D:8)
  3 scorpions
  Dowan (D:7)
  A water moccasin skeleton (D:5)
  A killer bee (D:9)
  12 wights
  A howler monkey (D:5)
  2 centaur zombies
  A bullfrog zombie (D:3)
  A jelly (D:7)
  4 hounds
  A gnoll shaman (D:6)
  A centaur skeleton (D:7)
  7 orc priests
  A bullfrog skeleton (D:6)
  3 iguanas
  9 orc wizards
  Ijyb (D:5)
  2 hound zombies (D:5)
  2 howler monkey zombies
  9 gnolls
  7 adders
  2 white imps
  An ufetubus (D:7)
  An adder skeleton (D:4)
  A worm (D:3)
  A dart slug (D:3)
  47 orcs
  4 ball pythons
  8 bats
  3 endoplasms
  3 giant cockroaches (D:3)
  10 hobgoblins
  7 jackals
  2 quokkas
  A frilled lizard (D:2)
  7 goblins
  20 kobolds
  A rat (D:1)
234 creatures vanquished.

Notes
Turn   | Place    | Note
-------+----------+-------------------------------------------
     0 | D:1      | boopmooplesden the Minotaur Berserker began the quest for
                  | the Orb.
     0 | D:1      | Reached XP level 1. HP: 19/19 MP: 0/0
    53 | D:1      | Found a faded altar of an unknown god.
   409 | D:1      | Reached XP level 2. HP: 19/27 MP: 1/1
   613 | D:1      | Reached skill level 4 in Long Blades
  1244 | D:2      | Found an ancient bone altar of Kikubaaqudgha.
  1358 | D:2      | Reached XP level 3. HP: 33/33 MP: 2/2
  1491 | D:2      | Reached ** piety under Trog
  1844 | D:3      | Found a blossoming altar of Fedhas.
  2142 | D:3      | Reached skill level 1 in Shields
  2481 | D:3      | Reached XP level 4. HP: 41/41 MP: 3/3
  3023 | D:4      | Reached XP level 5. HP: 47/47 MP: 4/4
  3806 | D:5      | Entered Level 5 of the Dungeon
  3825 | D:5      | Reached skill level 5 in Long Blades
  4132 | D:5      | Reached XP level 6. HP: 52/53 MP: 5/5
  4147 | D:5      | Noticed Ijyb
  4154 | D:5      | Killed Ijyb
  4161 | D:5      | Reached skill level 6 in Long Blades
  4174 | D:5      | Identified the ring of Ru's Reproof {MP+9 Dex+4}
  4299 | D:5      | Found a hide-covered altar of Uskayaw.
  4311 | D:5      | Reached skill level 5 in Fighting
  4365 | D:5      | Reached XP level 7. HP: 55/61 MP: 6/6
  4524 | D:5      | Found a shimmering blue altar of Sif Muna.
  4719 | D:5      | Noticed Edmund
  4729 | D:5      | Killed Edmund
  4730 | D:5      | Reached skill level 7 in Long Blades
  4935 | D:6      | Reached *** piety under Trog
  5062 | D:6      | Reached skill level 8 in Long Blades
  5201 | D:6      | Reached skill level 5 in Shields
  5201 | D:6      | Reached XP level 8. HP: 69/69 MP: 7/7
  5474 | D:6      | Reached skill level 5 in Armour
  5898 | D:6      | Reached skill level 9 in Long Blades
  6219 | D:7      | Noticed Joseph
  6229 | D:7      | Killed Joseph
  6230 | D:7      | Reached XP level 9. HP: 78/78 MP: 8/8
  6301 | D:7      | Noticed Duvessa
  6304 | D:7      | Noticed Dowan
  6311 | D:7      | Killed Duvessa
  6316 | D:7      | Killed Dowan
  6361 | D:7      | Found a shadowy altar of Dithmenos.
  6529 | D:7      | Reached skill level 10 in Long Blades
  6609 | D:7      | Found a staircase to the Ecumenical Temple.
  6641 | D:7      | Reached **** piety under Trog
  6841 | D:7      | Reached skill level 1 in Stealth
  7280 | D:7      | Found an iron altar of Okawaru.
  7280 | D:7      | Found a glowing golden altar of the Shining One.
  7310 | D:8      | Noticed a two-headed ogre
  7319 | D:8      | Killed a two-headed ogre
  7426 | D:8      | Reached XP level 10. HP: 83/86 MP: 9/9
  7504 | D:8      | Noticed Gastronok
  7513 | D:8      | Noticed Maurice
  7558 | D:8      | Killed Maurice
  7763 | D:8      | Killed Gastronok
  7764 | D:8      | Reached skill level 11 in Long Blades
  7764 | D:8      | Reached skill level 10 in Shields
  7801 | D:8      | HP: 4/86 [gnoll/+0 flail (4)]
  8335 | D:8      | Found a staircase to the Lair.
  8773 | D:9      | Reached skill level 12 in Long Blades
  9059 | D:9      | Noticed a white ugly thing
  9062 | D:9      | Noticed a two-headed ogre
  9071 | D:9      | Killed a two-headed ogre
  9072 | D:9      | Reached XP level 11. HP: 37/95 MP: 10/10
  9304 | D:9      | Noticed a deep elf pyromancer
  9337 | D:9      | Noticed a centaur warrior
  9348 | D:9      | Killed a centaur warrior
  9780 | D:9      | Killed a deep elf pyromancer
  9795 | D:9      | Annihilated by a white ugly thing

Illustrated notes

Levels and vault maps discovered:
D:1:      nzn_arrival_settlement, layout_basic,
          hellmonk_ecumenical_altar_crossroads
D:2:      layout_loops_ring, basic_altar
D:3:      layout_loops_ring, lemuel_coloured_pillars_altar, serial_forest,
          infiniplex_forest_straight_2, infiniplex_forest_lined_corner,
          infiniplex_forest_end_2, infiniplex_forest_zigzag_2,
          infiniplex_forest_3_way, infiniplex_forest_clump_double,
          infiniplex_forest_clump_medium, infiniplex_forest_zigzag_1
D:4:      layout_gridville
D:5:      layout_basic, general_overflow_altar, nicolae_sif_muna_condensation,
          kennysheep_nondescript, uniq_edmund, uniq_ijyb
D:6:      layout_basic, hangedman_abyss_or_decor_stabs, minmay_misc_feat_pillars
D:7:      layout_basic, gammafunk_temple_overflow_statue,
          nicolae_dithmenos_through_a_glass_darkly, minmay_temple_entry_grid,
          uniq_joseph, uniq_duvessa
D:8:      layout_rooms, lair_entry_dummy, serial_rivers,
          chequers_serial_rivers_room_a, chequers_serial_rivers_micro_a,
          chequers_serial_rivers_marsh, chequers_serial_rivers_large_a,
          chequers_serial_rivers_micro_a, chequers_serial_rivers_room_b,
          uniq_maurice, uniq_gastronok
D:9:      layout_cave_pods, hiddenorc1_lemuel, serial_column_ruins,
          column_ruins_hut_water, column_ruins_hut_ruined, column_ruins_grid_1,
          column_ruins_columns_dead_end, column_ruins_corridor_straight,
          column_ruins_open_tiny, enter_bailey_7,
          minmay_fractal_squares_gapless_7

Skill      XL: |  1  2  3  4  5  6  7  8  9 10 11 |
---------------+----------------------------------+-----
Long Blades    | 4 5 6 8 9 10 12 | 12.9
Fighting       | 4 5 6 7 8 9 |  9.0
Shields        | 1 2 3 5 7 9 11 | 11.3
Armour         | 3 4 6 7 9 |  9.5
Dodging        | 3 4 |  4.0
Stealth        | 1 |  1.5

Action                   |  1- 3 |  4- 6 |  7- 9 | 10-12 || total
-------------------------+-------+-------+-------+-------++-------
Melee: Falchion          |    98 |    91 |   289 |    48 ||   526
       Headbutt          |    14 |    22 |    57 |    47 ||   140
       Scimitar          |       |       |       |   178 ||   178
Invok: Berserk           |     1 |     2 |     9 |     5 ||    17
       Trog's Hand       |       |       |       |     1 ||     1
  Use: Scroll            |     4 |     6 |     1 |     6 ||    17
       Potion            |       |       |       |     6 ||     6
 Stab: Distracted        |       |       |       |     1 ||     1
Armor: Animal skin       |     8 |       |       |       ||     8
       Ring mail         |    42 |       |       |       ||    42
       Chain mail        |       |    41 |    90 |       ||   131
       Plate armour      |       |       |    55 |   167 ||   222
Dodge: Dodged            |    56 |    17 |    51 |    34 ||   158
Block: Tower shield      |    38 |    72 |   232 |   239 ||   581
